 Dungeon Crawl Stone Soup version 0.25.0-11-g1f837a76a1 (webtiles) character file.

Game seed: 17113766565359459329

5884 Delamore the Fighter (level 10, -14/71 HPs)
             Began as a Gargoyle Fighter on June 25, 2020.
             Was a High Priest of Okawaru.
             Engulfed by an ice statue's freezing vapour (26 damage)
             ... on level 9 of the Dungeon.
             The game lasted 00:10:47 (7188 turns).

Delamore the Fighter (Gargoyle Fighter)             Turns: 7188, Time: 00:10:48

Health: -14/71     AC: 15    Str: 23    XL:     10   Next: 82%
Magic:  10/10      EV:  9    Int:  9    God:    Okawaru [*****.]
Gold:   498        SH: 11    Dex: 15    Spells: 9/9 levels left

rFire    + . .     SeeInvis .   v - +3 flail (drain)
rCold    . . .     Gourm    .   c - +1 kite shield
rNeg     + + .     Faith    .   h - +0 troll leather armour
rPois    ∞         Spirit   .   t - +0 helmet
rElec    +         Reflect  .   d - +0 cloak of Surprise {rF+ rN+} (curse)
rCorr    .         Harm     .   (no gloves)
MR       .....                  k - +0 pair of boots
Stlth    ++........             (no amulet)
HPRegen  0.61/turn              b - ring of stealth
MPRegen  0.12/turn              D - +6 ring of dexterity

@: no status effects
A: negative energy resistance 1, electricity resistance, unbreathing,
petrification resistance, rot immunity, AC +7
a: Heroism, Finesse, Renounce Religion


You were on level 9 of the Dungeon.
You worshipped Okawaru.
Okawaru was extremely pleased with you.
You were not hungry.

You visited 2 branches of the dungeon, and saw 10 of its levels.
You also visited: Bailey.

You collected 498 gold pieces.

Inventory:

Hand Weapons
 a - a +0 flail
 v - a +3 flail of draining (weapon)
 H - a +1 morningstar of protection
Missiles
 y - 6 javelins (quivered)
Armour
 c - a +1 kite shield (worn)
 d - the cursed +0 cloak of Surprise (worn) {rF+ rN+}
   (You found it in a bailey)

   It protects you from fire.
   It protects you from negative energy.
   It has a curse placed upon it.
 h - a +0 troll leather armour (worn)
 k - a +0 pair of boots (worn)
 t - a +0 helmet (worn)
 E - a scarf of repulsion
Jewellery
 b - a ring of stealth (left hand)
 D - a +6 ring of dexterity (right hand)
Wands
 j - a wand of acid (6)
 w - a wand of paralysis (7)
 C - a wand of random effects (1)
 F - a wand of flame (18)
Scrolls
 e - a scroll of remove curse
 i - a scroll of enchant weapon
 m - 2 scrolls of enchant armour
 o - 5 scrolls of teleportation
 q - 2 scrolls of fog
 x - 3 scrolls of fear
 B - a scroll of identify
Potions
 g - 2 potions of curing
 l - 2 potions of flight
 p - 5 potions of stabbing
 r - a potion of degeneration
 s - 3 potions of haste {unknown}
 u - 2 potions of magic {unknown}
 z - a potion of brilliance {unknown}
 I - a potion of resistance
Miscellaneous
 A - a box of beasts
Comestibles
 f - 15 rations
 G - 3 chunks of flesh


   Skills:
 - Level 11.8 Fighting
 + Level 11.5 Maces & Flails
 - Level 3.2 Armour
 + Level 4.8 Shields


You had 9 spell levels left.
You didn't know any spells.
Your spell library contained the following spells:

 Spells                   Type           Power        Failure   Level  Hunger
 Animate Skeleton         Necr           N/A          86%         1    ##.....
 Pain                     Necr           #...         86%         1    ##.....
 Vampiric Draining        Necr           #.........   99%         3    ####...
 Animate Dead             Necr           N/A          100%        4    #####..
 Agony                    Necr           #.......     100%        5    ######.


Dungeon Overview and Level Annotations

Branches:
Dungeon (9/15)             Temple (1/1) D:4          Bailey (visited)
   Lair: D:8-11         Orc: D:9-12

Altars:
Ashenzari
Cheibriados
Dithmenos
Elyvilon
Fedhas
Gozag
Kikubaaqudgha
Makhleb
Nemelex Xobeh
Okawaru
Qazlal
Ru
Sif Muna
Trog
Uskayaw
Vehumet
Wu Jian
Xom
Yredelemnul
Zin
The Shining One

Annotations:
D:9 exclusion: ice statue


Innate Abilities, Weirdness & Mutations

You are resistant to torment.
Your stone body is resilient. (AC +7)
You are immune to poison.
You resist negative energy. (rN+)
You are resistant to electric shocks. (rElec)
You can survive without breathing.
You are immune to petrification.
You are immune to rotting.


Message History

The ice statue is moderately damaged.
The ice statue gestures at you. The bolt of cold hits you!!
You sock the ice statue!
The ice statue is heavily damaged.
The ice statue gestures at you. The shard of ice hits you!
* * * LOW HITPOINT WARNING * * *
You feel better. The ice statue gestures at you.
The freezing blast engulfs you!!
* * * LOW HITPOINT WARNING * * *
You feel much better.
You are engulfed in freezing vapours.
* * * LOW HITPOINT WARNING * * *
Okay, then.
Okay, then.
Okay, then.
Okay, then.
You feel better.
You are engulfed in freezing vapours.
You die...

#.# #########.#...# #.#
##....<.......#
#.###.[##..#####.######.
###.....###.####.)........
....#######.###........##
###.## #....##..##......#
#..###.####..##.....###
##.##..###..##○○○..##
#.........##○@○○.##
#.#...#####"○8☼.##
...##..# ##...##
.........# ##$##
........... ###
.###.##..>.. # #.##.###.#
#. #.. ..


You could see an ice statue.

Vanquished Creatures
  An orc knight (Bailey)
  A manticore (D:8)
  Maurice (D:8)
  Maggie (D:8)
  A troll (D:9)
  A hippogriff (D:7)
  A hungry ghost (D:8)
  Edmund (D:4)
  Purgy (D:4)
  3 ice beasts
  A sky beast (D:8)
  A phantom (D:7)
  A necrophage (D:7)
  3 orc warriors
  4 ogres
  3 centaurs
  6 bullfrogs
  A gnoll sergeant (D:8)
  2 water moccasin zombies
  5 killer bees (D:8)
  3 scorpions
  4 wights (D:8)
  2 howler monkeys
  2 jellies (D:8)
  A crimson imp (D:6)
  4 hounds
  A bullfrog zombie (D:8)
  A centaur zombie (D:5)
  2 orc priests
  6 orc wizards
  4 centaur skeletons
  4 iguanas
  5 worker ants
  A killer bee zombie (D:5)
  A howler monkey zombie (D:8)
  A howler monkey skeleton (D:3)
  7 gnolls
  8 adders
  A shadow imp (D:6)
  3 adder skeletons
  2 worms
  2 dart slugs (D:1)
  7 leopard geckos
  27 orcs
  A ball python (D:3)
  4 bats
  5 giant cockroaches
  12 goblins
  2 hobgoblins
  10 jackals
  12 kobolds
  6 quokkas
  6 frilled lizards
  5 rats
201 creatures vanquished.

Notes
Turn   | Place    | Note
-------+----------+-------------------------------------------
     0 | D:1      | Delamore the Gargoyle Fighter began the quest for the Orb.
     0 | D:1      | Reached XP level 1. HP: 14/14 MP: 1/1
   140 | D:1      | Reached XP level 2. HP: 19/19 MP: 2/2
   377 | D:1      | Reached XP level 3. HP: 23/23 MP: 3/3
  1367 | D:2      | Found a blossoming altar of Fedhas.
  1795 | D:3      | Reached XP level 4. HP: 29/29 MP: 4/4
  2209 | D:4      | Reached XP level 5. HP: 33/33 MP: 5/5
  2223 | D:4      | Noticed Edmund
  2245 | D:4      | Killed Edmund
  2245 | D:4      | Reached skill level 5 in Fighting
  2245 | D:4      | Reached skill level 5 in Maces & Flails
  2245 | D:4      | Reached XP level 6. HP: 27/40 MP: 6/6
  2415 | D:4      | Noticed Purgy
  2425 | D:4      | Killed Purgy
  2490 | D:4      | Found a staircase to the Ecumenical Temple.
  2610 | D:4      | Found a shimmering altar of Xom.
  2618 | Temple   | Entered the Ecumenical Temple
  2747 | D:4      | Found a shimmering altar of Xom.
  2762 | D:4      | Found a shimmering altar of Xom.
  2762 | D:4      | Found a shimmering altar of Xom.
  2763 | D:4      | Found a shimmering altar of Xom.
  2774 | D:4      | Found a shimmering altar of Xom.
  2774 | D:4      | Found a shimmering altar of Xom.
  2903 | D:4      | Reached XP level 7. HP: 45/45 MP: 7/7
  2970 | D:4      | Found a shattered altar of Ashenzari.
  2977 | D:4      | Found a basalt altar of Yredelemnul.
  2984 | D:4      | Found an iron altar of Okawaru.
  2988 | D:4      | Became a worshipper of Warmaster Okawaru
  2993 | D:4      | Found a hide-covered altar of Uskayaw.
  2997 | D:4      | Found an ancient bone altar of Kikubaaqudgha.
  3003 | D:4      | Found a snail-covered altar of Cheibriados.
  3007 | D:4      | Found a stormy altar of Qazlal.
  3708 | D:5      | Entered Level 5 of the Dungeon
  3968 | D:5      | Reached * piety under Okawaru
  3986 | D:5      | Reached XP level 8. HP: 53/53 MP: 8/8
  4108 | D:5      | Found an opulent altar of Gozag.
  4248 | D:5      | Found a burning altar of Makhleb.
  4604 | D:6      | Reached ** piety under Okawaru
  5036 | D:6      | Reached XP level 9. HP: 60/60 MP: 9/9
  5185 | D:6      | Found a shimmering blue altar of Sif Muna.
  5579 | D:7      | Found an opulent altar of Gozag.
  5631 | D:7      | Found a hide-covered altar of Uskayaw.
  5734 | D:7      | Reached *** piety under Okawaru
  5734 | D:7      | Reached skill level 10 in Fighting
  5967 | D:8      | Noticed Maggie
  6012 | D:8      | Noticed a manticore
  6014 | D:8      | Killed Maggie
  6027 | D:8      | Killed a manticore
  6027 | D:8      | Reached **** piety under Okawaru
  6027 | D:8      | Reached skill level 10 in Maces & Flails
  6027 | D:8      | Reached XP level 10. HP: 7/68 MP: 7/10
  6030 | D:8      | HP: 3/68 [acid (5)]
  6146 | D:8      | Noticed Maurice
  6155 | D:8      | Killed Maurice
  6201 | D:8      | Found a flagged portal.
  6210 | Bailey   | Entered a bailey
  6260 | Bailey   | Noticed an orc knight
  6282 | Bailey   | Killed an orc knight
  6282 | Bailey   | HP: 1/106 [orc warrior/+0 war axe (30)]
  6287 | Bailey   | HP: 1/106 [hobgoblin/+0 hand axe (2)]
  6408 | Bailey   | Found a bloodstained altar of Trog.
  6418 | Bailey   | Got a slimy cloak
  6448 | Bailey   | Identified the cursed +0 cloak of Surprise {rF+ rN+} (You
                  | found it in a bailey)
  6668 | D:8      | Reached ***** piety under Okawaru
  7180 | D:9      | Noticed an ice statue
  7188 | D:9      | Engulfed by an ice statue's freezing vapour

Illustrated notes

Levels and vault maps discovered:
D:1:      dpeg_arrival_water_fire, layout_basic, chequers_serial_rivers_marsh
D:2:      layout_loops_ring, overflow_temple_1_default
D:3:      layout_rooms
D:4:      layout_layer_cave, nicolae_xom_altar_mimics,
          grunt_temple_overflow_octagram, minmay_temple_entry_overgrown,
          uniq_purgy, uniq_edmund
D:5:      layout_loops_ring, bloody_makhleb, first_ration, minmay_ruined_shrine
D:6:      layout_cave_pools, kennysheep_little_box, hangedman_decor_points,
          minmay_misc_feat_chi, chequers_decorated_corner,
          minmay_fractal_squares_5
D:7:      layout_rooms, nicolae_gozag_cash_rules_everything_around_me,
          basic_altar
D:8:      layout_gridville, enter_bailey_2, uniq_maggie, uniq_maurice
D:9:      minmay_separated_statues, layout_rooms, lemuel_doored_altar,
          ploomutoo_gammafunk_ghost_potion_laboratory, serial_curves,
          eino_curves_02, eino_curves_03, uniq_joseph
Temple:   nicolae_temple_figure_zero

Skill      XL: |  1  2  3  4  5  6  7  8  9 10 |
---------------+-------------------------------+-----
Maces & Flails | 3 4 5 6 8 10 11 | 11.5
Fighting       | 4 5 7 9 10 11 | 11.8
Shields        | 4 |  4.8
Armour         | |  3.2

Action                   |  1- 3 |  4- 6 |  7- 9 | 10-12 || total
-------------------------+-------+-------+-------+-------++-------
Melee: Flail             |   129 |   119 |   366 |   192 ||   806
Invok: Heroism           |       |       |     1 |       ||     1
  Use: Scroll            |       |       |    13 |     1 ||    14
       Potion            |       |       |     3 |     6 ||     9
 Stab: Sleeping          |       |       |     7 |     3 ||    10
       Distracted        |       |       |       |     1 ||     1
  Eat: Chunk             |     3 |     3 |    11 |     8 ||    25
Armor: Scale mail        |     4 |       |       |       ||     4
       Chain mail        |    59 |       |       |       ||    59
       Troll leather arm |    31 |    55 |   209 |    79 ||   374
Dodge: Dodged            |    34 |    66 |   131 |    70 ||   301
       Repelled          |       |       |       |     5 ||     5
Block: Kite shield       |    75 |    75 |   222 |   146 ||   518
